AAA EAST
ST. PAUL SAINTS @ MEMPHIS REDBIRDS
05/25/2042
 
TOP OF THE 1ST
St. Paul Saints batting - Pitching for Memphis Redbirds : RHP Juan Maldonado
Pitching: RHP Juan Maldonado
Batting: LHB Juan Moreno 0-0: Called Strike
0-1: Called Strike
0-2: Strikes out looking
Batting: LHB Rubén Rosete 0-0: Called Strike
0-1: Swinging Strike
0-2: Ball
1-2: Strikes out looking
Batting: LHB Joe McMahon 0-0: Ball
1-0: Fly out, F7 (Flyball, 78M, EV 89.4 MPH)
Top of the 1st over - 0 runs, 0 hits, 0 errors, 0 left on base; St. Paul 0 - Memphis 0
BOTTOM OF THE 1ST
Memphis Redbirds batting - Pitching for St. Paul Saints : RHP Robbie Randall
Pitching: RHP Robbie Randall
Batting: RHB António Valentín 0-0: Ball
1-0: Called Strike
1-1: Called Strike
1-2: Strikes out swinging
Batting: RHB Augusto Padilla 0-0: DOUBLE (Line Drive, 7LS, EV 103.1 MPH)
Batting: LHB Sandy Briggs 0-0: Called Strike
0-1: Foul Ball, location: 3SF
0-2: Ball
1-2: Ball
2-2: DOUBLE (Flyball, 8RXD, EV 100.6 MPH)
Augusto Padilla scores
Batting: RHB Robbie Mayes 0-0: Called Strike
0-1: Called Strike
0-2: Foul Ball, location: 2F
0-2: Ball
1-2: Foul Ball, location: 2F
1-2: Ball
2-2: Ball
3-2: Foul Ball, location: 7LDF
3-2: Fly out, F9 (Flyball, 9LD, EV 94.4 MPH)
Runner from 2nd tags up, SAFE at 3rd, no throw by RF
Batting: LHB Raúl Soto 0-0: Foul Ball, location: 3FF
0-1: Swinging Strike
0-2: SINGLE (Groundball, 34D, EV 93.8 MPH)
Sandy Briggs scores
Batting: RHB Donnie Fields 0-0: Foul Ball, location: 9LSF
0-1: Swinging Strike
0-2: Foul Ball, location: 2F
0-2: Ball
1-2: SINGLE (Groundball, 34D, EV 96.9 MPH)
Raúl Soto to second
Runner from 2nd tries for 3rd, SAFE, throw by RF made to third
Batting: LHB Juan García 0-0: Called Strike
0-1: Called Strike
0-2: Foul Ball, location: 25F
0-2: Fly out, F6 (Popup, 15S, EV 79.4 MPH)
Bottom of the 1st over - 2 runs, 4 hits, 0 errors, 2 left on base; St. Paul 0 - Memphis 2
TOP OF THE 2ND
St. Paul Saints batting - Pitching for Memphis Redbirds : RHP Juan Maldonado
Batting: LHB José Toledo 0-0: Ground out U3 (Groundball, 13, EV 82.5 MPH)
Batting: RHB Jesús Carranza 0-0: Ground out 5-3 (Groundball, 56S, EV 87.5 MPH)
Batting: LHB Jeremy Rossano 0-0: Called Strike
0-1: Called Strike
0-2: Foul Ball, location: 5FF
0-2: Ball
1-2: Foul Ball, location: 2F
1-2: Foul Ball, location: 7LDF
1-2: Ground out 4-3 (Groundball, 4S, EV 106.9 MPH)
Top of the 2nd over - 0 runs, 0 hits, 0 errors, 0 left on base; St. Paul 0 - Memphis 2
BOTTOM OF THE 2ND
Memphis Redbirds batting - Pitching for St. Paul Saints : RHP Robbie Randall
Batting: RHB Tony Vance 0-0: Ball
1-0: Foul Ball, location: 9LSF
1-1: Ball
2-1: Ground out 6-3 (Groundball, 56, EV 85.0 MPH)
Batting: RHB Raúl Mora 0-0: Reached on error, E5 (Groundball, 56S, EV 83.8 MPH)
Batting: RHB António Valentín 0-0: Swinging Strike
0-1: Fielders Choice at 2nd, 6-4 (Groundball, 6, EV 85.6 MPH)
Batting: RHB Augusto Padilla 0-0: Ball
1-0: Foul Ball, location: 2F
1-1: Swinging Strike
1-2: Ground out 6-3 (Groundball, 6S, EV 91.9 MPH)
Bottom of the 2nd over - 0 runs, 0 hits, 1 error, 1 left on base; St. Paul 0 - Memphis 2
TOP OF THE 3RD
St. Paul Saints batting - Pitching for Memphis Redbirds : RHP Juan Maldonado
Batting: RHB António Ortíz 0-0: Ground out 6-3 (Groundball, 6, EV 85.6 MPH)
Batting: LHB Jeremy Castle 0-0: Ball
1-0: Foul Ball, location: 2F
1-1: Ball
2-1: SINGLE (Line Drive, 6D, EV 99.4 MPH)
Batting: SHB Jim Unknown 0-0: Ball
1-0: Fly out, F9 (Flyball, 9S, EV 90.0 MPH)
Batting: LHB Juan Moreno 0-0: Ball
1-0: 2-RUN HOME RUN (Flyball, 9D, EV 97.5 MPH), Distance : 352 ft
Batting: LHB Rubén Rosete 0-0: Ball
1-0: Ground out 4-3 (Groundball, 4, EV 103.1 MPH)
Top of the 3rd over - 2 runs, 2 hits, 0 errors, 0 left on base; St. Paul 2 - Memphis 2
BOTTOM OF THE 3RD
Memphis Redbirds batting - Pitching for St. Paul Saints : RHP Robbie Randall
Batting: LHB Sandy Briggs 0-0: Ground out 6-3 (Groundball, 6M, EV 106.9 MPH)
Batting: RHB Robbie Mayes 0-0: Ball
1-0: Ball
2-0: Ball
3-0: Called Strike
3-1: Foul Ball, location: 25FF
3-2: Fly out, F7 (Flyball, 78M, EV 85.0 MPH)
Batting: LHB Raúl Soto 0-0: Called Strike
0-1: Swinging Strike
0-2: Fly out, F7 (Flyball, 7LD, EV 107.5 MPH)
Bottom of the 3rd over - 0 runs, 0 hits, 0 errors, 0 left on base; St. Paul 2 - Memphis 2
TOP OF THE 4TH
St. Paul Saints batting - Pitching for Memphis Redbirds : RHP Juan Maldonado
Batting: LHB Joe McMahon 0-0: Ball
1-0: Called Strike
1-1: Fly out, F3 (Popup, 3L, EV 71.3 MPH)
Batting: LHB José Toledo 0-0: Ball
1-0: Called Strike
1-1: Called Strike
1-2: Ground out 3-1 (Groundball, 34S, EV 87.5 MPH)
Batting: RHB Jesús Carranza 0-0: Ground out 6-3 (Groundball, 6, EV 85.0 MPH)
Top of the 4th over - 0 runs, 0 hits, 0 errors, 0 left on base; St. Paul 2 - Memphis 2
BOTTOM OF THE 4TH
Memphis Redbirds batting - Pitching for St. Paul Saints : RHP Robbie Randall
Batting: RHB Donnie Fields 0-0: Ball
1-0: Ball
2-0: Ground out 3-1 (Groundball, 34, EV 110.0 MPH)
Batting: LHB Juan García 0-0: Ground out 4-3 (Groundball, 4S, EV 88.1 MPH)
Batting: RHB Tony Vance 0-0: Foul Ball, location: 9LMF
0-1: Ball
1-1: Ball
2-1: Swinging Strike
2-2: Strikes out looking
Bottom of the 4th over - 0 runs, 0 hits, 0 errors, 0 left on base; St. Paul 2 - Memphis 2
TOP OF THE 5TH
St. Paul Saints batting - Pitching for Memphis Redbirds : RHP Juan Maldonado
Batting: LHB Jeremy Rossano 0-0: SINGLE (Line Drive, 56D, EV 95.0 MPH)
Batting: RHB António Ortíz 0-0: Foul Ball, location: 5SF
0-1: Ball
1-1: Swinging Strike
1-2: Foul Ball, location: 3SF
1-2: Foul Ball, location: 3F
1-2: Ball
2-2: Foul Ball, location: 3F
2-2: Fly out, F9 (Flyball, 9, EV 91.3 MPH)
Batting: LHB Jeremy Castle 0-0: Called Strike
0-1: Called Strike
0-2: Foul Ball, location: 2F
0-2: Ball
1-2: Foul Ball, location: 3DF
1-2: SINGLE (Groundball, 13S, EV 73.8 MPH) (infield hit)
Jeremy Rossano to second
Batting: SHB Jim Unknown 0-0: Grounds into double play, 4-6-3 (Groundball, 4, EV 80.0 MPH)
Top of the 5th over - 0 runs, 2 hits, 0 errors, 1 left on base; St. Paul 2 - Memphis 2
BOTTOM OF THE 5TH
Memphis Redbirds batting - Pitching for St. Paul Saints : RHP Robbie Randall
Batting: RHB Raúl Mora 0-0: Ball
1-0: Ball
2-0: Called Strike
2-1: Called Strike
2-2: Strikes out swinging
Batting: RHB António Valentín 0-0: Ground out 2-3 (Groundball, 13S, EV 68.8 MPH)
Batting: RHB Augusto Padilla 0-0: Foul Ball, location: 25F
0-1: Foul Ball, location: 7LMF
0-2: Ball
1-2: TRIPLE (Line Drive, 7LD, EV 100.0 MPH)
Batting: LHB Sandy Briggs 0-0: Ball
1-0: Fly out, F8 (Flyball, 78S, EV 86.9 MPH)
Bottom of the 5th over - 0 runs, 1 hit, 0 errors, 1 left on base; St. Paul 2 - Memphis 2
TOP OF THE 6TH
St. Paul Saints batting - Pitching for Memphis Redbirds : RHP Juan Maldonado
Batting: LHB Juan Moreno 0-0: Ball
1-0: Fly out, F7 (Flyball, 7D, EV 88.1 MPH)
Batting: LHB Rubén Rosete 0-0: Ball
1-0: SINGLE (Groundball, 4, EV 86.3 MPH)
Batting: LHB Joe McMahon 0-0: Called Strike
Rubén Rosete steals 2nd base
0-1: Ball
1-1: Ball
2-1: SINGLE (Line Drive, 7S, EV 98.1 MPH)
Rubén Rosete to third
Batting: LHB José Toledo 0-0: Ball
Joe McMahon steals 2nd base (no throw)
1-0: Foul Ball, location: 2F
1-1: Ground out 4-3 (Groundball, 4, EV 80.6 MPH)
Batting: RHB Jesús Carranza 0-0: Ball
1-0: Swinging Strike
1-1: Fly out, F7 (Line Drive, 7LM, EV 106.3 MPH)
Top of the 6th over - 0 runs, 2 hits, 0 errors, 2 left on base; St. Paul 2 - Memphis 2
BOTTOM OF THE 6TH
Memphis Redbirds batting - Pitching for St. Paul Saints : RHP Robbie Randall
Batting: RHB Robbie Mayes 0-0: Ball
1-0: Ground out 5-3 (Groundball, 56S, EV 69.4 MPH)
Batting: LHB Raúl Soto 0-0: Fly out, F8 (Flyball, 8LM, EV 85.6 MPH)
Batting: RHB Donnie Fields 0-0: Foul Ball, location: 2F
0-1: Called Strike
0-2: Ball
1-2: Ball
2-2: Foul Ball, location: 2F
2-2: Ball
3-2: Strikes out swinging
Bottom of the 6th over - 0 runs, 0 hits, 0 errors, 0 left on base; St. Paul 2 - Memphis 2
TOP OF THE 7TH
St. Paul Saints batting - Pitching for Memphis Redbirds : RHP Juan Maldonado
Batting: LHB Jeremy Rossano 0-0: Ball
1-0: Swinging Strike
1-1: Called Strike
1-2: Foul Ball, location: 5F
1-2: Foul Ball, location: 7LMF
1-2: DOUBLE (Groundball, 5L, EV 96.9 MPH)
Batting: RHB António Ortíz 0-0: Ball
1-0: Ball
2-0: Ball
3-0: Called Strike
3-1: Called Strike
3-2: Base on Balls
Batting: LHB Jeremy Castle 0-0: Called Strike
0-1: Ball
1-1: Foul Ball, location: 9LMF
1-2: Strikes out looking
Batting: SHB Jim Unknown 0-0: Fly out, F7 (Flyball, 7S, EV 93.8 MPH)
Batting: LHB Juan Moreno 0-0: Foul Ball, location: 3SF
0-1: Called Strike
0-2: Strikes out swinging
Top of the 7th over - 0 runs, 1 hit, 0 errors, 2 left on base; St. Paul 2 - Memphis 2
BOTTOM OF THE 7TH
Memphis Redbirds batting - Pitching for St. Paul Saints : RHP Robbie Randall
Batting: LHB Juan García 0-0: Foul Ball, location: 2F
0-1: Ball
1-1: Ball
2-1: Fly out, F8 (Flyball, 78M, EV 98.1 MPH)
Batting: RHB Tony Vance 0-0: Ball
1-0: Ball
2-0: Foul Ball, location: 9LSF
2-1: Ball
3-1: Fly out, F7 (Line Drive, 7LM, EV 87.5 MPH)
Batting: RHB Raúl Mora 0-0: Fly out, F8 (Flyball, 78M, EV 91.3 MPH)
Bottom of the 7th over - 0 runs, 0 hits, 0 errors, 0 left on base; St. Paul 2 - Memphis 2
TOP OF THE 8TH
St. Paul Saints batting - Pitching for Memphis Redbirds : RHP Juan Maldonado
Batting: LHB Rubén Rosete 0-0: Ball
1-0: Foul Ball, location: 5FF
1-1: SINGLE (Groundball, 4MD, EV 96.9 MPH)
Batting: LHB Joe McMahon 0-0: Called Strike
0-1: Ball
1-1: Foul Ball, location: 2F
1-2: Foul Ball, location: 7LMF
1-2: Foul Ball, location: 25FF
1-2: Fly out, F8 (Flyball, 78XD, EV 93.1 MPH)
Batting: LHB José Toledo 0-0: Swinging Strike
0-1: Grounds into double play, 4-6-3 (Groundball, 4M, EV 85.0 MPH)
Top of the 8th over - 0 runs, 1 hit, 0 errors, 0 left on base; St. Paul 2 - Memphis 2
BOTTOM OF THE 8TH
Memphis Redbirds batting - Pitching for St. Paul Saints : RHP Robbie Randall
Batting: RHB António Valentín 0-0: Called Strike
0-1: Ball
1-1: DOUBLE (Line Drive, 7LM, EV 107.5 MPH)
Batting: RHB Augusto Padilla 0-0: Ball
1-0: Sac Bunt to 13S - play at first, batter OUT! 1-3
António Valentín to third
Batting: LHB Sandy Briggs 0-0: Intentional Walk
Batting: RHB Robbie Mayes 0-0: Swinging Strike
0-1: Foul Ball, location: 25F
0-2: Fielders Choice at home, 5-2 (Groundball, 5, EV 110.6 MPH)
Sandy Briggs to second
Pitching: LHP Jorge Vélez
Pinch Hitting: RHB Gilberto García 0-0: Ball
1-0: Called Strike
1-1: Foul Ball, location: 9LDF
1-2: Strikes out looking
Bottom of the 8th over - 0 runs, 1 hit, 0 errors, 2 left on base; St. Paul 2 - Memphis 2
TOP OF THE 9TH
St. Paul Saints batting - Pitching for Memphis Redbirds : RHP Juan Maldonado
Pitching: RHP Steve MacKinney
Now in CF: Jared Gyll
Batting: RHB Jesús Carranza 0-0: Ball
1-0: Called Strike
1-1: SINGLE (Groundball, 4MD, EV 109.4 MPH)
Batting: LHB Jeremy Rossano 0-0: Ground out 6-3 (Groundball, 6MD, EV 95.6 MPH)
Jesús Carranza to second
Batting: RHB António Ortíz 0-0: Ball
1-0: Swinging Strike
1-1: Ball
2-1: Foul Ball, location: 7LDF
2-2: Strikes out looking
Batting: LHB Jeremy Castle 0-0: Intentional Walk
Batting: SHB Jim Unknown 0-0: Called Strike
0-1: Called Strike
0-2: Ball
1-2: Strikes out swinging
Top of the 9th over - 0 runs, 1 hit, 0 errors, 2 left on base; St. Paul 2 - Memphis 2
BOTTOM OF THE 9TH
Memphis Redbirds batting - Pitching for St. Paul Saints : LHP Jorge Vélez
Batting: RHB Donnie Fields 0-0: Swinging Strike
0-1: Ball
1-1: Ball
2-1: Foul Ball, location: 2F
2-2: Ball
3-2: Fly out, F8 (Flyball, 8RD, EV 98.8 MPH)
Batting: LHB Juan García 0-0: Fly out, F9 (Line Drive, 9LM, EV 90.0 MPH)
Batting: RHB Tony Vance 0-0: Ball
1-0: Ball
2-0: Ball
3-0: Base on Balls
Batting: RHB Raúl Mora 0-0: Fly out, F9 (Flyball, 9, EV 98.1 MPH)
Bottom of the 9th over - 0 runs, 0 hits, 0 errors, 1 left on base; St. Paul 2 - Memphis 2
TOP OF THE 10TH
St. Paul Saints batting - Pitching for Memphis Redbirds : RHP Steve MacKinney
Batting: LHB Juan Moreno 0-0: Foul Ball, location: 2F
0-1: Fly out, F9 (Flyball, 89M, EV 95.0 MPH)
Batting: LHB Rubén Rosete 0-0: Ball
1-0: Ball
2-0: Ball
3-0: Base on Balls
Batting: LHB Joe McMahon 0-0: Ball
1-0: Called Strike
1-1: Foul Ball, location: 2F
1-2: Foul Ball, location: 7LDF
1-2: Ball
2-2: Strikes out looking
Batting: LHB José Toledo 0-0: Foul Ball, location: 5FF
0-1: Swinging Strike
0-2: Strikes out swinging
Top of the 10th over - 0 runs, 0 hits, 0 errors, 1 left on base; St. Paul 2 - Memphis 2
BOTTOM OF THE 10TH
Memphis Redbirds batting - Pitching for St. Paul Saints : LHP Jorge Vélez
Pitching: RHP Brad Hunter
Pinch Hitting: LHB Alex Wood 0-0: Fly out, F9 (Flyball, 89M, EV 90.6 MPH)
Pinch Hitting: SHB Terry Underhill 0-0: Called Strike
0-1: Foul Ball, location: 3FF
0-2: Strikes out swinging
Batting: LHB Sandy Briggs 0-0: Called Strike
0-1: Ball
1-1: Called Strike
1-2: Ball
2-2: Foul Ball, location: 2F
2-2: Foul Ball, location: 7LDF
2-2: Fly out, F3 (Popup, 34, EV 73.1 MPH)
Bottom of the 10th over - 0 runs, 0 hits, 0 errors, 0 left on base; St. Paul 2 - Memphis 2
TOP OF THE 11TH
St. Paul Saints batting - Pitching for Memphis Redbirds : RHP Steve MacKinney
Now at 2B: Dave Cole
Now at 3B: Terry Underhill
Batting: RHB Jesús Carranza 0-0: Called Strike
0-1: Ball
1-1: Foul Ball, location: 9LDF
1-2: Ball
2-2: Strikes out swinging
Batting: LHB Jeremy Rossano 0-0: Ball
1-0: Called Strike
1-1: Ball
2-1: Foul Ball, location: 2F
2-2: Ball
3-2: Foul Ball, location: 7LMF
3-2: SINGLE (Groundball, 6MD, EV 108.1 MPH)
Batting: RHB António Ortíz 0-0: Foul Ball, location: 3DF
0-1: Swinging Strike
0-2: SINGLE (Groundball, 6M, EV 101.3 MPH) (infield hit)
Jeremy Rossano to second
Batting: LHB Jeremy Castle 0-0: Called Strike
0-1: Ball
1-1: Ball
2-1: Foul Ball, location: 25F
2-2: Foul Ball, location: 3FF
2-2: Foul Ball, location: 5F
2-2: Ball
3-2: Strikes out swinging
Pitching: LHP Dan Liss
Batting: SHB Jim Unknown 0-0: Ball
1-0: Foul Ball, location: 2LF
1-1: Ball
2-1: Called Strike
2-2: Strikes out swinging
Top of the 11th over - 0 runs, 2 hits, 0 errors, 2 left on base; St. Paul 2 - Memphis 2
BOTTOM OF THE 11TH
Memphis Redbirds batting - Pitching for St. Paul Saints : RHP Brad Hunter
Batting: RHB Robbie Mayes 0-0: Ground out 5-3 (Groundball, 56S, EV 63.1 MPH)
Batting: LHB Jared Gyll 0-0: Ground out 4-3 (Groundball, 34, EV 80.6 MPH)
Batting: RHB Donnie Fields 0-0: Ball
1-0: Ball
2-0: DOUBLE (Flyball, 8LXD, EV 106.9 MPH)
Batting: LHB Juan García 0-0: Intentional Walk
Batting: RHB Tony Vance 0-0: Swinging Strike
0-1: Foul Ball, location: 2LF
0-2: Ball
1-2: Ground out 1-3 (Groundball, 13S, EV 66.9 MPH)
Bottom of the 11th over - 0 runs, 1 hit, 0 errors, 2 left on base; St. Paul 2 - Memphis 2
TOP OF THE 12TH
St. Paul Saints batting - Pitching for Memphis Redbirds : LHP Dan Liss
Batting: RHB José Chacón 0-0: Called Strike
0-1: Swinging Strike
0-2: Foul Ball, location: 2F
0-2: Fly out, F4 (Popup, 34S, EV 81.3 MPH)
Batting: LHB Rubén Rosete 0-0: Ball
1-0: Called Strike
1-1: Ball
2-1: DOUBLE (Groundball, 3L, EV 100.6 MPH)
Batting: LHB Joe McMahon 0-0: Ball
1-0: Ball
2-0: Ball
3-0: DOUBLE (Flyball, 7LD, EV 100.0 MPH)
Rubén Rosete scores
Batting: LHB José Toledo 0-0: SINGLE (Line Drive, 56, EV 95.6 MPH)
Joe McMahon to third
Batting: RHB Jesús Carranza 0-0: Ball
1-0: Foul Ball, location: 5FF
1-1: Fly out, F8 (Flyball, 89S, EV 84.4 MPH)
Batting: LHB Jeremy Rossano 0-0: Ball
1-0: Ball
2-0: Ball
3-0: Called Strike
3-1: Called Strike
3-2: SINGLE (Groundball, 15S, EV 66.9 MPH) (infield hit)
Joe McMahon scores
José Toledo to second
Batting: RHB António Ortíz 0-0: Called Strike
0-1: Called Strike
0-2: Foul Ball, location: 5F
0-2: Ball
1-2: Strikes out looking
Top of the 12th over - 2 runs, 4 hits, 0 errors, 2 left on base; St. Paul 4 - Memphis 2
BOTTOM OF THE 12TH
Memphis Redbirds batting - Pitching for St. Paul Saints : RHP Brad Hunter
Now at 1B: Jeremy Rossano
Now in RF: Jim Unknown
Batting: RHB Raúl Mora 0-0: Foul Ball, location: 2F
0-1: Ball
1-1: Fly out, F8 (Flyball, 8LM, EV 93.1 MPH)
Batting: LHB Dave Cole 0-0: SINGLE (Groundball, 4M, EV 100.6 MPH) (infield hit)
Batting: SHB Terry Underhill 0-0: Called Strike
0-1: Ball
1-1: Ball
2-1: 2-RUN HOME RUN (Line Drive, 9D, EV 100.6 MPH), Distance : 370 ft
Batting: LHB Sandy Briggs 0-0: Ball
1-0: Ball
2-0: Ball
3-0: Called Strike
3-1: Base on Balls
Batting: RHB Robbie Mayes 0-0: Foul Ball, location: 3FF
0-1: Fly out, F7 (Flyball, 7D, EV 105.0 MPH)
Batting: LHB Jared Gyll 0-0: Swinging Strike
0-1: Ball
1-1: Ground out 4-3 (Groundball, 4S, EV 90.6 MPH)
Bottom of the 12th over - 2 runs, 2 hits, 0 errors, 1 left on base; St. Paul 4 - Memphis 4
TOP OF THE 13TH
St. Paul Saints batting - Pitching for Memphis Redbirds : LHP Dan Liss
Batting: LHB Jeremy Castle 0-0: Ball
1-0: Ball
2-0: Swinging Strike
2-1: Ball
3-1: Foul Ball, location: 7LSF
3-2: Foul Ball, location: 5F
3-2: Strikes out looking
Batting: SHB Jim Unknown 0-0: Foul Ball, location: 2F
0-1: Fly out, F9 (Flyball, 9S, EV 95.6 MPH)
Batting: RHB José Chacón 0-0: Called Strike
0-1: Ball
1-1: Ground out 4-3 (Groundball, 4S, EV 84.4 MPH)
Top of the 13th over - 0 runs, 0 hits, 0 errors, 0 left on base; St. Paul 4 - Memphis 4
BOTTOM OF THE 13TH
Memphis Redbirds batting - Pitching for St. Paul Saints : RHP Brad Hunter
Pitching: RHP Robby McGrath
Batting: RHB Donnie Fields 0-0: Ball
1-0: Foul Ball, location: 5SF
1-1: Ball
2-1: Called Strike
2-2: Ground out 4-3 (Groundball, 34, EV 103.8 MPH)
Batting: LHB Juan García 0-0: Fly out, F8 (Flyball, 8LXD, EV 106.3 MPH)
Batting: RHB Tony Vance 0-0: Ball
1-0: Ball
2-0: Ball
3-0: Base on Balls
Batting: RHB Raúl Mora 0-0: Foul Ball, location: 3F
0-1: Ball
1-1: Ball
2-1: Ball
3-1: Fielders Choice at 2nd, 6-4 (Groundball, 6, EV 100.6 MPH)
Bottom of the 13th over - 0 runs, 0 hits, 0 errors, 1 left on base; St. Paul 4 - Memphis 4
TOP OF THE 14TH
St. Paul Saints batting - Pitching for Memphis Redbirds : LHP Dan Liss
Pitching: RHP Juan López
Batting: LHB Rubén Rosete 0-0: Ball
1-0: Called Strike
1-1: Foul Ball, location: 7LMF
1-2: Ball
2-2: Ball
3-2: Base on Balls
Pitching: LHP Juan Corona
Batting: LHB Joe McMahon 0-0: Ball
1-0: Called Strike
1-1: Ball
2-1: Ball
3-1: Base on Balls
Rubén Rosete to second
Batting: RHB Jim Unknown 0-0: Foul Ball, location: 23F
0-1: Ball
1-1: Foul Ball, location: 3FF
1-2: Strikes out swinging
Batting: RHB Jesús Carranza 0-0: Called Strike
0-1: Swinging Strike
0-2: Foul Ball, location: 7LMFF
0-2: Ground out 5-3 (Groundball, 56S, EV 68.1 MPH)
Rubén Rosete to third
Joe McMahon to second
Batting: LHB Jeremy Rossano 0-0: Ball
1-0: Fly out, F9 (Flyball, 89XD, EV 110.0 MPH)
Top of the 14th over - 0 runs, 0 hits, 0 errors, 2 left on base; St. Paul 4 - Memphis 4
BOTTOM OF THE 14TH
Memphis Redbirds batting - Pitching for St. Paul Saints : RHP Robby McGrath
Batting: LHB Dave Cole 0-0: Swinging Strike
0-1: Called Strike
0-2: Ball
1-2: Strikes out swinging
Batting: SHB Terry Underhill 0-0: Ground out 3-1 (Groundball, 34S, EV 90.0 MPH)
Batting: LHB Sandy Briggs 0-0: Foul Ball, location: 5F
0-1: Ground out 5-3 (Groundball, 56, EV 108.1 MPH)
Bottom of the 14th over - 0 runs, 0 hits, 0 errors, 0 left on base; St. Paul 4 - Memphis 4
TOP OF THE 15TH
St. Paul Saints batting - Pitching for Memphis Redbirds : LHP Juan Corona
Batting: RHB António Ortíz 0-0: Ball
1-0: SINGLE (Groundball, 6M, EV 104.4 MPH)
Batting: LHB Jeremy Castle 0-0: Bunted foul
0-1: Ball
1-1: Bunted foul
1-2: Fielders Choice at 2nd, 4-6 (Groundball, 4, EV 106.3 MPH)
Batting: SHB Jim Unknown 0-0: Ball
1-0: Sac Bunt to 23 - play at first, batter OUT! 3-4
Jeremy Castle to second
Batting: RHB José Chacón 0-0: Ground out 4-3 (Groundball, 4, EV 88.8 MPH)
Top of the 15th over - 0 runs, 1 hit, 0 errors, 1 left on base; St. Paul 4 - Memphis 4
BOTTOM OF THE 15TH
Memphis Redbirds batting - Pitching for St. Paul Saints : RHP Robby McGrath
Batting: RHB Robbie Mayes 0-0: Swinging Strike
0-1: Ball
1-1: Foul Ball, location: 9LMF
1-2: Ball
2-2: Ball
3-2: Fly out, F8 (Flyball, 8LD, EV 110.6 MPH)
Batting: LHB Jared Gyll 0-0: Foul Ball, location: 2F
0-1: SINGLE (Flyball, 78S, EV 90.6 MPH)
Batting: RHB Donnie Fields 0-0: Fly out, F8 (Flyball, 8LXD, EV 100.6 MPH)
Batting: LHB Juan García 0-0: Ball
1-0: Ball
2-0: Called Strike
2-1: Foul Ball, location: 23FF
2-2: Ball
3-2: Strikes out swinging
Bottom of the 15th over - 0 runs, 1 hit, 0 errors, 1 left on base; St. Paul 4 - Memphis 4
TOP OF THE 16TH
St. Paul Saints batting - Pitching for Memphis Redbirds : LHP Juan Corona
Batting: LHB Rubén Rosete 0-0: Ball
1-0: Called Strike
1-1: Foul Ball, location: 5FF
1-2: Strikes out swinging
Batting: LHB Joe McMahon 0-0: Ball
1-0: Called Strike
1-1: SINGLE (Line Drive, 4MD, EV 96.3 MPH)
Batting: RHB Jim Unknown 0-0: Ball
1-0: Swinging Strike
1-1: Ball
2-1: Swinging Strike
2-2: Strikes out swinging
Batting: RHB Jesús Carranza 0-0: Ground out 5-3 (Groundball, 25, EV 91.3 MPH)
Top of the 16th over - 0 runs, 1 hit, 0 errors, 1 left on base; St. Paul 4 - Memphis 4
BOTTOM OF THE 16TH
Memphis Redbirds batting - Pitching for St. Paul Saints : RHP Robby McGrath
Batting: RHB Tony Vance 0-0: Called Strike
0-1: Ball
1-1: Ball
2-1: Reached on error, E6 (Groundball, 6M, EV 88.1 MPH)
Batting: RHB Raúl Mora 0-0: Ball
Tony Vance steals 2nd base
1-0: Ball
2-0: Sac Bunt to 2R - play at third, runner OUT! 2-5
Batting: LHB Dave Cole 0-0: Ball
1-0: Called Strike
1-1: Foul Ball, location: 25F
1-2: Strikes out swinging
Batting: SHB Terry Underhill 0-0: Foul Ball, location: 3DF
0-1: SINGLE (Line Drive, 9S, EV 104.4 MPH)
Raúl Mora to second
Batting: LHB Sandy Briggs 0-0: Foul Ball, location: 5FF
0-1: 3-RUN HOME RUN (Flyball, 78XD, EV 99.4 MPH), Distance : 396 ft
Bottom of the 16th over - 3 runs, 2 hits, 1 error, 0 left on base; St. Paul 4 - Memphis 7
Friday, May 3rd , 2024 - OOTP Baseball 24.10 Build 82